 Dungeon Crawl Stone Soup version 0.19.5 (webtiles) character file.

132 tricornhat the Cudgeler (level 4, -5/54 HPs)
             Began as a Demonspawn Berserker on Mar 22, 2017.
             Was a Believer of Trog.
             Slain by Blork the orc
             ... wielding a cursed +0 halberd
              (9 damage)
             ... on level 4 of the Dungeon.
             The game lasted 00:18:14 (3434 turns).

tricornhat the Cudgeler (Demonspawn Berserker)      Turns: 3434, Time: 00:18:15

Health: -5/54      AC:  8    Str: 24    XL:     4   Next: 92%
Magic:  4/4        EV: 11    Int:  8    God:    Trog [**....]
Gold:   73         SH:  0    Dex: 12    Spells: 0 memorised, 3 levels left

rFire  . . .     SeeInvis .     a - +0 mace
rCold  . . .     Gourm    .     q - +0 scale mail
rNeg   . . .     Faith    .     (no shield)
rPois  .         Spirit   .     (no helmet)
rElec  .         Reflect  .     (no cloak)
rCorr  .         Harm     .     (no gloves)
MR     .....                    (no boots)
Stlth  ..........               (no amulet)
                                (no ring)
                                (no ring)

@: berserking, very quick
A: icy blue scales 1, camouflage 1, high mp 1, nightstalker 1, sense
surroundings 1
a: Berserk, Trog's Hand, Burn Spellbooks, Renounce Religion


You were on level 4 of the Dungeon.
You worshipped Trog.
Trog was pleased with you.
You were hungry.

You visited 1 branch of the dungeon, and saw 4 of its levels.

You collected 73 gold pieces.

Inventory:

Hand Weapons
 a - a +0 mace (weapon)
Armour
 b - a +0 animal skin
 q - a +0 scale mail (worn)
Scrolls
 d - a scroll of identify {unknown}
 e - 2 scrolls of random uselessness {unknown}
 f - a scroll of remove curse {unknown}
 h - a scroll of fog {unknown}
 k - a scroll of magic mapping {unknown}
 n - a scroll of amnesia {unknown}
 o - a scroll of enchant armour {unknown}
Potions
 g - 2 potions of haste
 j - a potion of curing {unknown}
Comestibles
 c - a bread ration
 i - a royal jelly
 m - a meat ration


   Skills:
 + Level 3.6 Fighting
 * Level 4.1 Maces & Flails
 + Level 2.1 Armour
 + Level 2.2 Dodging
 + Level 1.0 Stealth


You had 3 spell levels left.
You didn't know any spells.

Dungeon Overview and Level Annotations

Branches:
Dungeon (4/15)
 Temple: D:4-7

Altars:
Ashenzari
Elyvilon
Ru
Xom

Annotations:
D:4 Blork the orc; PeterLawrence's ghost, amateur MiFi


Innate Abilities, Weirdness & Mutations

You are partially covered in icy blue scales. (AC +2)
You are slightly more attuned to the shadows.
Your skin changes colour to match your surroundings (Stealth+).
You have an increased reservoir of magic. (+10% MP)
You passively map a small area around you.


Message History

PeterLawrence's ghost is heavily damaged.
PeterLawrence's ghost hits you.
* * * LOW HITPOINT WARNING * * *
You sock PeterLawrence's ghost!
PeterLawrence's ghost is severely damaged.
Blork the orc barely misses you.
You barely miss PeterLawrence's ghost.
PeterLawrence's ghost is severely damaged.
PeterLawrence's ghost hits you but does no damage.
You hit PeterLawrence's ghost.
PeterLawrence's ghost is severely damaged.
Blork the orc hits you from afar with a halberd.
* * * LOW HITPOINT WARNING * * *
PeterLawrence's ghost closely misses you.
You sock PeterLawrence's ghost!
PeterLawrence's ghost is severely damaged.
PeterLawrence's ghost hits you!
* * * LOW HITPOINT WARNING * * *
Blork the orc hits you from afar with a halberd!
You die...

, , #........
#........ *
#......., .
#......#
..####.....#
...........#
...........#####
..............oW@#
........<.....<###
.......#.....###
.......#.....#
......[#######
.......####
...?......, ***
.......###,, ,,,
.......# * ,


You could see Blork the orc and PeterLawrence's ghost.

Vanquished Creatures
  Terence (D:3)
  4 gnolls (D:3)
  An adder (D:3)
  A worm (D:2)
  A dart slug (D:1)
  4 leopard geckos
  2 orcs
  A ball python (D:1)
  5 giant cockroaches
  7 goblins
  5 hobgoblins
  4 kobolds
  A quokka (D:3)
  8 bats
  4 frilled lizards
  3 rats
52 creatures vanquished.

Notes
Turn   | Place    | Note
-------+----------+-------------------------------------------
     0 | D:1      | tricornhat the Demonspawn Berserker began the quest for the Orb.
     0 | D:1      | Reached XP level 1. HP: 18/18 MP: 1/1
   521 | D:1      | Reached skill level 3 in Maces & Flails
   521 | D:1      | Gained mutation: You are slightly more attuned to the shadows. [demonic ancestry]
   521 | D:1      | Reached XP level 2. HP: 18/24 MP: 2/2
  1198 | D:2      | Reached XP level 3. HP: 28/29 MP: 3/3
  1562 | D:2      | Found a shattered altar of Ashenzari.
  1562 | D:2      | Found a sacrificial altar of Ru.
  1913 | D:3      | Noticed Terence
  1923 | D:3      | Killed Terence
  1923 | D:3      | Reached skill level 1 in Stealth
  2036 | D:3      | Gained mutation: You have an increased reservoir of magic. (+10% MP) [potion of mutation]
  2036 | D:3      | Gained mutation: Your skin changes colour to match your surroundings (Stealth+). [potion of mutation]
  2036 | D:3      | Gained mutation: You passively map a small area around you. [potion of mutation]
  2123 | D:3      | Gained mutation: You are partially covered in icy blue scales. (AC +2) [demonic ancestry]
  2123 | D:3      | Reached XP level 4. HP: 17/35 MP: 4/4
  2372 | D:3      | Found a white marble altar of Elyvilon.
  2385 | D:3      | Reached ** piety under Trog
  2898 | D:4      | Noticed Blork the orc
  2898 | D:4      | Noticed PeterLawrence's ghost (amateur MiFi)
  3094 | D:3      | Found a shimmering altar of Xom.
  3180 | D:3      | Reached skill level 4 in Maces & Flails
  3434 | D:4      | Slain by Blork the orc

Skill      XL: |  1  2  3  4 |
---------------+-------------+-----
Maces & Flails | 3 4 |  4.1
Dodging        | 2 |  2.2
Stealth        | 1 |  1.0
Armour         | 2 |  2.1
Fighting       | |  3.6

Action                   |  1- 3 |  4- 6 || total
-------------------------+-------+-------++-------
Melee: Mace              |    94 |    93 ||   187
Invok: Berserk           |     2 |     3 ||     5
  Use: Potion            |     4 |       ||     4
 Stab: Sleeping          |     2 |     1 ||     3
  Eat: Chunk             |     2 |       ||     2
       Bread ration      |     1 |     1 ||     2
       Beef jerky        |     1 |       ||     1
Armor: Animal skin       |    21 |       ||    21
       Scale mail        |    12 |    54 ||    66
Dodge: Dodged            |    96 |    67 ||   163
